Map: Whirlwind LE (Void)

Players

Musumeci

  • Race: Zerg Zerg
  • League: Diamond
  • Spawn Location: 5:00

ISNI - Winner!

  • Race: Terran Terran
  • League: Diamond
  • Spawn Location: 11:00

VOD

Have the link to the VOD?

Description

Time

  • Played on: Jan. 2, 2017, 6:28 a.m.
  • Length: 9:12
Show
View Real Time Build Order
Export as new Build Order

Musumeci Zerg 

Build Orders: Hatch First 

Get SALT Encoding   

  12  0:00  Drone  
  13  0:07  Drone  
  14  0:14  Extractor  
  14  0:15  Drone  
  15  0:40  Hatchery  
  14  0:45  Drone, Extractor  
  15  1:01  Spawning Pool  
  14  1:06  Drone, Extractor  
  14  1:08  Extractor  
  13  1:11  Drone  
  13  1:17  Overlord  
  16  1:35  Drone x2  
  16  1:38  Drone  
  19  1:53  Queen x2  
  23  1:55  Drone x2  
  25  2:02  Drone  
  26  2:12  Overlord  
  26  2:13  Drone  
  26  2:14  Drone  
  28  2:29  Queen x2  
  32  2:39  Drone x4  
  32  2:40  Extractor  
  35  3:17  Extractor  
  34  3:31  Hatchery  
  33  3:44  Roach Warren  
  33  3:45  Extractor  
  33  3:46  Drone x3  
  34  3:53  Evolution Chamber  
  34  3:54  Evolution Chamber  
  32  4:28  Evolution Chamber  
  31  4:33  Drone  
  31  4:34  Drone x4  
  31  4:35  Overlord x3  
  31  4:36  Overlord x2  
  36  4:47  Roach x3  
  42  4:56  Roach x4  
  50  5:01  Lair  
  50  5:02  Roach  
  52  5:12  Roach  
  52  5:36  Drone x7  
  52  5:38  Extractor  
  58  5:48  Ravager  
  58  5:49  Ravager  
  61  5:50  Ravager  
  61  5:52  Drone x3  
  61  5:53  Extractor  
  61  5:56  Drone x3  
  66  5:57  Drone  
  66  5:58  Hatchery  
  66  5:59  Glial Reconstitution  
  66  6:25  Drone x2  
  68  6:27  Overlord  
  68  6:28  Overlord x3  
  68  6:30  Metabolic Boost  
  68  6:47  Ravager x3  
  71  6:57  Drone x3, Extractor  
  71  6:58  Drone x2, Extractor  
  71  6:59  Drone  
  75  7:03  Roach x4  
  71  7:14  Roach x5  
  68  7:24  Ravager x2  
  68  7:25  Roach  
  68  7:26  Zergling x2  
  68  7:27  Zergling x6  
  73  7:32  Evolution Chamber  
  73  7:33  Spine Crawler  
  73  7:34  Zergling x2  
  73  7:35  Zergling x2  
  71  7:37  Zergling x6  
  71  7:42  Ravager x2  
  75  7:44  Ravager  
  75  7:46  Zergling x2  
  75  7:47  Zergling x4  
  75  7:51  Zergling x4  
  81  8:10  Roach  
  81  8:11  Roach x4  
  91  8:15  Overlord  
  91  8:16  Overlord x3  
  91  8:34  Ravager x6  
  97  8:39  Zergling x6  
  97  8:40  Zergling x8  
Show
View Real Time Build Order
Export as new Build Order

ISNI Terran - Winner!

Build Orders:  

Get SALT Encoding   

  12  0:00  SCV  
  13  0:13  SCV  
  14  0:17  Supply Depot  
  14  0:25  SCV  
  15  0:39  SCV  
  15  0:40  Barracks  
  16  0:45  Refinery  
  16  0:51  SCV  
  17  1:03  SCV  
  18  1:15  SCV  
  19  1:27  Orbital Command  
  19  1:43  Command Center  
  19  1:55  Factory  
  19  1:59  SCV  
  20  2:05  Barracks Reactor  
  20  2:11  SCV  
  21  2:19  Refinery  
  21  2:22  Supply Depot  
  21  2:23  SCV  
  22  2:39  SCV  
  23  2:56  Hellion x2  
  27  3:00  Factory  
  27  3:03  SCV  
  28  3:14  Barracks Reactor  
  28  3:15  SCV  
  29  3:20  Orbital Command  
  29  3:24  Hellion x2  
  33  3:27  SCV  
  34  3:39  SCV  
  35  3:45  Hellion, Cyclone  
  40  3:49  Armory  
  40  3:54  SCV, Supply Depot  
  41  3:57  SCV  
  41  4:02  Cyclone  
  45  4:08  SCV  
  46  4:15  Hellion  
  48  4:18  Cyclone, Supply Depot  
  51  4:27  SCV x2  
  53  4:39  Refinery x2, SCV  
  53  4:40  Cyclone  
  53  4:41  Supply Depot  
  57  4:49  Hellion  
  57  4:50  Cyclone  
  62  4:55  Supply Depot  
  62  4:57  Supply Depot  
  62  4:59  Supply Depot  
  62  5:02  SCV x2  
  62  5:05  Hellion  
  66  5:10  Cyclone  
  69  5:15  SCV, Engineering Bay  
  68  5:22  Cyclone  
  67  5:34  Cyclone  
  67  5:35  Hellion  
  66  5:36  SCV x2  
  66  5:42  Hellion  
  70  5:43  Supply Depot  
  70  5:48  SCV  
  70  5:49  SCV  
  72  5:54  Cyclone  
  72  5:56  Hellion  
  77  6:00  SCV  
  77  6:01  Terran Vehicle Weapons Level 1  
  77  6:03  SCV  
  79  6:08  Factory  
  79  6:29  Cyclone  
  79  6:30  Hellion  
  84  6:39  Command Center  
  84  6:40  Supply Depot x2  
  84  6:44  SCV  
  84  6:46  Cyclone  
  88  6:47  Hellion  
  90  7:00  Cyclone  
  90  7:01  Factory Tech Lab  
  93  7:03  Hellion  
  93  7:08  Cyclone  
  94  7:18  Cyclone  
  97  7:25  Cyclone  
  97  7:26  Cyclone  
  103  7:33  Hellion  
  105  7:40  Infernal Pre-Igniter  
  105  7:41  Hellion  
  107  7:50  Cyclone  
  110  7:54  Hellion  
  110  7:58  Hellion, Cyclone  
  117  8:04  Cyclone  
  118  8:16  Hellion  
  118  8:19  Hellion  
  122  8:22  Cyclone  
  125  8:43  Supply Depot  
  125  8:44  Supply Depot x2  
  125  8:45  Supply Depot  
  125  8:52  Starport  
  125  8:54  SCV x2  
Tags
 
Add a new tag
Caveats
  • Supply blocks, unpowered buildings, or Contaminate may cause inaccurate times.
  • Supply counts are checked every 10 seconds.